 Dungeon Crawl Stone Soup version 0.31.0-32-g396128a36d (webtiles) character file.

Game seed: 7423114879247974406

2361 booth the Nimble (level 9, -29/74 HPs)
             Began as a Gnoll Monk on Mar 23, 2024.
             Was an Elder of Ru.
             Annihilated by a very large slime creature (42 damage)
             ... on level 6 of the Dungeon.
             The game lasted 00:34:36 (6964 turns).

booth the Nimble (Gnoll Monk)                       Turns: 6964, Time: 00:34:37

Health: -29/74     AC:  7    Str: 12    XL:     9   Next: 44%
Magic:  15/15      EV: 15    Int: 11    God:    Ru [****..]
Gold:   371        SH:  0    Dex: 14    Spells: 16/16 levels left

rFire   . . .        z - +0 war axe (venom)
rCold   . . .        (no shield)
rNeg    + . .        B - +0 steam dragon scales
rPois   .            (no helmet)
rElec   .            (no cloak)
rCorr   .            (no gloves)
SInv    .            e - +0 pair of boots
Will    .....        (no amulet)
Stlth   +++          b - ring of positive energy
HPRegen 0.32/turn    (no ring)
MPRegen 0.14/turn

%: no passive effects
@: no status effects
A: fangs 1, weak 1, inability to use devices, no air magic, no alchemy magic, no
summoning magic, strong nose, distributed training
a: Renounce Religion, Draw Out Power, Power Leap


You were on level 6 of the Dungeon.
You worshipped Ru.
Ru was greatly pleased with you.
You visited 2 branches of the dungeon, and saw 8 of its levels.

You collected 371 gold pieces.

Inventory:

Hand Weapons
 h - a +0 heavy mace
 z - a +0 war axe of venom (weapon)
Missiles
 a - 3 javelins
 i - 12 poisoned darts
 r - 4 boomerangs (quivered)
 y - 5 atropa-tipped darts
Armour
 d - an orb of light
 e - a +0 pair of boots (worn)
 t - a +0 scale mail of positive energy
 B - +0 steam dragon scales (worn)
Jewellery
 b - a ring of positive energy (left hand)
Scrolls
 l - 2 scrolls of fog
 n - 2 scrolls of revelation
 o - a scroll of torment
 p - 5 scrolls of teleportation {unknown}
 q - a scroll of enchant armour {unknown}
 w - 2 scrolls of vulnerability
Potions
 c - a potion of ambrosia
 f - 3 potions of attraction
 g - 6 potions of curing
 j - a potion of haste
 k - a potion of lignification
 m - a potion of cancellation {unknown}
 s - a potion of berserk rage {unknown}
 A - 4 potions of might {unknown}


   Skills:
 + Level 8.0 Fighting
 + Level 4.4 Short Blades
 + Level 4.4 Long Blades
 + Level 8.0 Axes
 + Level 4.4 Maces & Flails
 + Level 4.4 Polearms
 + Level 4.4 Staves
 + Level 4.4 Ranged Weapons
 + Level 4.4 Throwing
 + Level 4.4 Armour
 + Level 8.0 Dodging
 + Level 4.4 Stealth
 + Level 4.4 Shields
 + Level 4.4 Unarmed Combat
 + Level 4.4 Spellcasting
 + Level 3.6 Conjurations
 + Level 3.6 Hexes
   Level 0.0 Summonings
 + Level 3.6 Necromancy
 + Level 3.6 Translocations
 + Level 3.6 Fire Magic
 + Level 3.6 Ice Magic
   Level 0.0 Air Magic
 + Level 3.6 Earth Magic
   Level 0.0 Alchemy
 + Level 4.9 Invocations
   Level 0.0 Evocations
 + Level 4.0 Shapeshifting


You had 16 spell levels left.
You didn't know any spells.
Your spell library contained the following spells:

 Spells                   Type           Power      Damage    Failure   Level
 Apportation              Tloc           20%        N/A       4%          1
 Kiss of Death            Conj/Necr      40%        2d8       4%          1
 Ensorcelled Hibernation  Hex/Ice        20%        N/A       8%          2
 Jinxbite                 Hex            20%        N/A       8%          2
 Confusing Touch          Hex            10%        N/A       16%         3
 Fugue of the Fallen      Necr           10%        N/A       16%         3
 Anguish                  Hex/Necr       5%         N/A       45%         4
 Dispel Undead            Necr           10%        3d9       45%         4
 Alistair's Intoxication  Alch           Unusable   N/A       N/A         5

Dungeon Overview and Level Annotations

Branches:
Dungeon (7/15)             Temple (1/1) D:6

Altars:
Ashenzari
Cheibriados
Dithmenos
Elyvilon
Fedhas
Gozag
Hepliaklqana
Kikubaaqudgha
Makhleb
Nemelex Xobeh
Okawaru
Qazlal
Ru
Sif Muna
Trog
Uskayaw
Vehumet
Wu Jian
Yredelemnul
Zin
The Shining One

Shops:
D:1 (:   D:2 (

Annotations:
D:2 1 runed translucent door, Crazy Yiuf
D:6 1 runed translucent door, seawaffle's ghost, novice MiBe


Innate Abilities, Weirdness & Mutations

You have very sharp teeth.
You are weak. (Str -2)
You cannot study or use magical devices.
You cannot study or cast Air magic.
You cannot study or cast Alchemy magic.
You cannot study or cast Summoning magic.
Your uncanny sense of smell can sniff out nearby items.
Your experience applies equally to all skills.


Message History

You redirect the large slime creature's attack!
The large slime creature hits itself!!
A slime creature comes into view. x2
The slime creature quivers. x2
You slash the large slime creature!
The large slime creature looks as sick as possible!
The large slime creature is heavily wounded.
The large slime creature barely misses you.
A slime creature comes into view. x2
The slime creature quivers. x2
You slash the large slime creature! You bite the large slime creature.
The large slime creature is heavily wounded.
The large slime creature hits you!!
You focus your inner power and illuminate the large slime creature in retribution!
The large slime creature is stunned by your conviction and fails to attack.
You hear a croak.
You hit the large slime creature but do no damage.
The large slime creature looks as sick as possible!
The large slime creature is heavily wounded.
The large slime creature hits you!!
* * * LOW HITPOINT WARNING * * *
The iguana completely misses you.
Two slime creatures merge to form a very large slime creature.
You climb upwards.
Level annotation: 1 runed translucent door, seawaffle's ghost, novice MiBe
There is a stone staircase leading down here.
You hit the very large slime creature.
You bite the very large slime creature, but do no damage.
The very large slime creature is heavily wounded.
You hit the iguana.
The iguana is poisoned.
The very large slime creature stops glowing.
The iguana closely misses you.
As you read the scroll labelled BOCONL ZEGGOX, it crumbles to dust.
Your body is wracked with pain!
* * * LOW HITPOINT WARNING * * *
The very large slime creature convulses!
The iguana convulses!
It was a scroll of torment.
The iguana misses you.
The very large slime creature hits you!!!
Ouch! That really hurt!
You die...

##### #...#
#...########### #
#@J.......)...## #
#l..#.....###..###
#.#.......####..##
#######.......).##..)
###~$SFFF+.......#.##..#
#.########.......#.##...
#................#.###..
#.....#..#######.#.# #..
#.....#..........#.# ###


You could see a very large slime creature (very poisoned), a bullfrog and an
iguana (very poisoned).

Vanquished Creatures
  A gargoyle (D:6)
  A komodo dragon (D:6)
  Grinder (D:3)
  2 steam dragons (D:6)
  2 ogres
  3 phantoms
  A centaur (D:6)
  3 scorpions
  3 jellies (D:6)
  5 hounds
  A sleepcap (D:6)
  2 orc priests
  3 iguanas
  Ijyb (D:3)
  2 orc wizards (D:6)
  5 adders
  4 gnolls (D:4)
  4 ribbon worms
  5 dart slugs
  12 orcs
  4 ball pythons
  11 endoplasms
  2 giant cockroaches (D:2)
  6 goblins
  2 hobgoblins (D:3)
  9 jackals
  A quokka (D:1)
  4 bats
  7 frilled lizards
  8 kobolds
  4 rats
119 creatures vanquished.

Vanquished Creatures (others)
  An orc warrior (D:6)
  A wight (D:6)
2 creatures vanquished.

Grand Total: 121 creatures vanquished

Notes
Turn   | Place    | Note
-------+----------+-------------------------------------------
     0 | D:1      | booth the Gnoll Monk began the quest for the Orb.
     0 | D:1      | Reached XP level 1. HP: 23/23 MP: 1/1
   101 | D:1      | Found Fuagynah's Vocational Training.
   186 | D:1      | Reached XP level 2. HP: 28/29 MP: 2/2
   351 | D:1      | You fall into a shaft and drop 1 floor!
   484 | D:1      | Found a faded altar of an unknown god.
   486 | D:1      | Found Puleawk's Weapon Emporium.
   499 | D:1      | Reached XP level 3. HP: 24/35 MP: 3/3
   556 | D:1      | Prayed at the altar of an unknown god.
   556 | D:1      | Became a worshipper of Ru the Awakened
   561 | D:1      | Gained mutation: You cannot study or cast Air magic. [Ru
                  | sacrifice]
   561 | D:1      | Gained mutation: You cannot study or cast Alchemy magic.
                  | [Ru sacrifice]
   561 | D:1      | Gained mutation: You cannot study or cast Summoning magic.
                  | [Ru sacrifice]
   561 | D:1      | Reached * piety under Ru
   866 | D:2      | Reached skill level 1 in Invocations
   920 | D:2      | Found Ujigiw's Antique Weapon Shoppe.
  1012 | D:2      | Reached skill level 1 in Short Blades
  1012 | D:2      | Reached skill level 1 in Long Blades
  1012 | D:2      | Reached skill level 1 in Maces & Flails
  1012 | D:2      | Reached skill level 1 in Polearms
  1012 | D:2      | Reached skill level 1 in Staves
  1012 | D:2      | Reached skill level 1 in Ranged Weapons
  1012 | D:2      | Reached skill level 1 in Throwing
  1012 | D:2      | Reached skill level 1 in Armour
  1012 | D:2      | Reached skill level 1 in Stealth
  1012 | D:2      | Reached skill level 1 in Shields
  1012 | D:2      | Reached skill level 1 in Unarmed Combat
  1012 | D:2      | Reached skill level 1 in Spellcasting
  1012 | D:2      | Reached skill level 1 in Evocations
  1811 | D:2      | Reached skill level 1 in Shapeshifting
  1811 | D:2      | Reached XP level 4. HP: 41/41 MP: 5/5
  1820 | D:2      | Found a runed translucent door.
  1821 | D:2      | Noticed Crazy Yiuf
  2161 | D:3      | Reached skill level 1 in Conjurations
  2161 | D:3      | Reached skill level 1 in Hexes
  2161 | D:3      | Reached skill level 1 in Necromancy
  2161 | D:3      | Reached skill level 1 in Translocations
  2161 | D:3      | Reached skill level 1 in Fire Magic
  2161 | D:3      | Reached skill level 1 in Ice Magic
  2161 | D:3      | Reached skill level 1 in Earth Magic
  2215 | D:3      | Noticed Ijyb
  2233 | D:3      | Killed Ijyb
  2700 | D:3      | Reached XP level 5. HP: 17/47 MP: 7/7
  2897 | D:3      | Noticed Grinder
  2919 | D:3      | Killed Grinder
  2920 | D:3      | Reached XP level 6. HP: 16/53 MP: 7/9
  3296 | D:3      | Gained mutation: You cannot study or use magical devices.
                  | [Ru sacrifice]
  3296 | D:3      | Reached ** piety under Ru
  3296 | D:3      | Reached *** piety under Ru
  3748 | D:4      | Noticed a hornet
  3762 | D:4      | Reached XP level 7. HP: 59/60 MP: 10/10
  4484 | D:5      | Entered Level 5 of the Dungeon
  5347 | D:6      | Found a runed translucent door.
  5376 | D:6      | Reached XP level 8. HP: 51/67 MP: 12/12
  5384 | D:6      | Found a staircase to the Ecumenical Temple.
  5406 | Temple   | Entered the Ecumenical Temple
  5843 | D:6      | Noticed a komodo dragon
  5854 | D:6      | Killed a komodo dragon
  5978 | D:6      | Reached XP level 9. HP: 73/73 MP: 14/14
  6252 | D:6      | Noticed a gargoyle
  6269 | D:6      | Killed a gargoyle
  6614 | D:6      | Noticed seawaffle's ghost (novice MiBe)
  6670 | D:6      | Gained mutation: You are weak. (Str -2) [Ru sacrifice]
  6670 | D:6      | Reached **** piety under Ru
  6964 | D:6      | Annihilated by a very large slime creature

Illustrated notes

Levels and vault maps discovered:
D:1:      ebering_trefoil_3fold, layout_basic, serial_shops,
          nicolae_shop_statue_plus, chequers_ecumenical_altar_simple,
          nicolae_shop_vocational
D:2:      layout_basic, serial_shops, nicolae_shop_advertising_works
          [nicolae_subvault_shop_adworks], grunt_ministairs_14,
          nicolae_concentric_dashed_squares_wild,
          hangedman_decor_clover_reticule, uniq_crazy_yiuf_cottage
D:3:      minmay_diamond_boxcup, layout_basic, uniq_ijyb, uniq_grinder
D:4:      layout_loops_ring, lightli_corner_chamber
D:5:      layout_rooms, minmay_misc_feat_pillars
D:6:      minmay_opposing_rooms, layout_basic, minmay_temple_entry_glass,
          ebering_ghost_sewer_d, minmay_crossroads
D:7:      layout_rooms, nrook_loot_triangle, serial_park_tiny_2,
          grunt_decor_one_mirror
Temple:   mainiacjoe_temple_starburst

Skill      XL: |  1  2  3  4  5  6  7  8  9 |
---------------+----------------------------+-----
Invocations    | 1 2 3 4 |  4.9
Short Blades   | 1 2 3 4 |  4.4
Long Blades    | 1 2 3 4 |  4.4
Maces & Flails | 1 2 3 4 |  4.4
Polearms       | 1 2 3 4 |  4.4
Staves         | 1 2 3 4 |  4.4
Ranged Weapons | 1 2 3 4 |  4.4
Throwing       | 1 2 3 4 |  4.4
Armour         | 1 2 3 4 |  4.4
Stealth        | 1 2 3 4 |  4.4
Shields        | 1 2 3 4 |  4.4
Unarmed Combat | 1 2 3 4 |  4.4
Spellcasting   | 1 2 3 4 |  4.4
Evocations     | 1 2 0 |  0.0
Shapeshifting  | 1 2 3 4 |  4.0
Conjurations   | 1 2 3 |  3.6
Hexes          | 1 2 3 |  3.6
Necromancy     | 1 2 3 |  3.6
Translocations | 1 2 3 |  3.6
Fire Magic     | 1 2 3 |  3.6
Ice Magic      | 1 2 3 |  3.6
Earth Magic    | 1 2 3 |  3.6
Fighting       | 7 8 |  8.0
Axes           | 7 8 |  8.0
Dodging        | 7 8 |  8.0

Action                     |  1- 3 |  4- 6 |  7- 9 || total
---------------------------+-------+-------+-------++-------
  Melee: Hand axe          |    90 |   146 |    74 ||   310
         Bite              |    10 |    19 |    26 ||    55
         War axe           |       |       |   127 ||   127
         Punch             |       |       |    10 ||    10
  Throw: Dart              |     2 |    21 |    21 ||    44
         Boomerang         |       |       |    22 ||    22
         Javelin           |       |       |     2 ||     2
 Invoke: Sacrifice Arcana  |     1 |       |       ||     1
         Sacrifice Artific |       |     1 |       ||     1
         Sacrifice Purity  |       |       |     1 ||     1
    Use: Scroll            |       |     5 |     5 ||    10
         Potion            |       |     2 |     2 ||     4
   Stab: Sleeping          |       |     1 |     1 ||     2
         Distracted        |       |       |     3 ||     3
         Invisible         |       |       |     1 ||     1
 Armour: Robe              |    27 |    18 |       ||    45
         Leather armour    |       |    41 |    55 ||    96
         Steam dragon scal |       |       |    43 ||    43
  Dodge: Dodged            |    46 |    68 |   127 ||   241
